 Dungeon Crawl Stone Soup version 0.29.1-2-gbd0b4ee654 (webtiles) character file.

Game seed: 5673011046348944333

39 mortz the Trooper (level 3, -1/23 HPs)
             Began as a Gargoyle Monk on Nov 2, 2022.
             Slain by a gnoll
             ... wielding a +0 whip
              (7 damage)
             ... on level 1 of the Dungeon.
             The game lasted 00:08:21 (1536 turns).

mortz the Trooper (Gargoyle Monk)                   Turns: 1536, Time: 00:08:21

Health: -1/23      AC: 11    Str: 14    XL:     3   Next: 47%
Magic:  3/3        EV:  6    Int: 10    God:
Gold:   37         SH:  0    Dex: 14    Spells: 2/2 levels left

rFire   . . .      SeeInvis .   a - +0 falchion
rCold   . . .      Faith    .   (no shield)
rNeg    + . .      Spirit   .   b - +0 chain mail
rPois   ∞          Reflect  .   (no helmet)
rElec   +          Harm     .   (no cloak)
rCorr   .          Rampage  .   (no gloves)
Will    .....                   (no boots)
Stlth   ..........              (no amulet)
HPRegen 0.07/turn               (no ring)
MPRegen 0.08/turn               (no ring)

@: no status effects
A: sickness immunity, AC +3, negative energy resistance 1, electricity
resistance, torment resistance 1, petrification resistance
a: no special abilities


You were on level 1 of the Dungeon.
You visited 1 branch of the dungeon, and saw 2 of its levels.

You collected 37 gold pieces.

Inventory:

Hand Weapons
 a - a +0 falchion (weapon)
 j - a +0 spear
 m - a +1 dagger of venom
Armour
 b - a +0 chain mail (worn)
Jewellery
 e - a ring of fire
Scrolls
 d - a scroll of torment {unknown}
Potions
 c - a potion of ambrosia
 g - 2 potions of heal wounds
 i - a potion of brilliance


   Skills:
 + Level 3.5 Fighting
 + Level 3.2 Long Blades
 + Level 0.1 Armour
 + Level 2.6 Dodging
 + Level 2.7 Stealth
 * Level 0.6 Invocations


You had 2 spell levels left.
You didn't know any spells.
Your spell library contained the following spells:

 Spells                   Type           Power      Damage    Failure   Level
 Beastly Appendage        Tmut           0%         N/A       100%        1
 Wereblood                Tmut           0%         N/A       100%        2
 Spider Form              Tmut/Pois      0%         N/A       100%        3
 Summon Hydra             Summ           0%         N/A       100%        7
 Sublimation of Blood     Necr           Unusable   N/A       N/A         2

Dungeon Overview and Level Annotations

Branches:
Dungeon (2/15) Zot: 10436

Altars:

Shops:
D:1 *


Innate Abilities, Weirdness & Mutations

You are immune to sickness and miasma.
Your stone body is resilient. (AC +3)
You are immune to poison.
You resist negative energy. (rN+)
You are resistant to electric shocks. (rElec)
You are resistant to unholy torment.
You are immune to petrification.


Message History

There is a stone staircase leading down here.
You start resting.
HP restored.
You climb downwards.
There is a stone staircase leading up here.
A gnoll comes into view. It is wielding a +0 whip.
The gnoll shouts!
The gnoll throws a throwing net.
The throwing net hits you.
You become entangled in the net!
You tear a large gash into the net.
The gnoll hits you with a +0 whip.
You struggle against the net.
You rip the net and break free!
The gnoll hits you with a +0 whip.
You closely miss the gnoll. You hit the gnoll.
The gnoll is moderately wounded.
The gnoll barely misses you.
You hit the gnoll.
The gnoll is almost dead.
The gnoll hits you with a +0 whip.
You barely miss the gnoll.
The gnoll is almost dead.
The gnoll hits you with a +0 whip.
You slash the gnoll!
You kill the gnoll!
You barely miss the gnoll. You completely miss the gnoll.
You hit the gnoll but do no damage. The gnoll attacks as you move away!
There is a stone staircase leading up here.
The gnoll barely misses you.
You climb upwards.
There is a stone staircase leading down here.
You barely miss the gnoll. The gnoll hits you with a +0 whip!
* * * LOW HITPOINT WARNING * * *
You hit the gnoll.
The gnoll is heavily wounded.
You hit the gnoll but do no damage.
The gnoll is heavily wounded.
The gnoll hits you with a +0 whip!
You die...

##..# #.##### ##..#
########### #.# ....#
#.........# ###.# ###.#
#.#######.####...#
....###.##..[>.........#
.......>....###.####...#
............# #.# ##..#
............###g## #..#
.....#.#.##.##..@## #..###
....#.###.#.#.....###≈≈≈≈##
..^#.## ##...........≈....#
#####.###.#.#.....###≈≈≈≈.#
##.#.........## #...#.#
##.###.###.## ###...#
#.###.###########[###
######.................#
#..........##########..#


You could see a gnoll.

Vanquished Creatures
  A gnoll (D:2)
  4 ball pythons
  2 endoplasms (D:1)
  4 goblins (D:1)
  2 hobgoblins (D:1)
  3 quokkas (D:1)
  6 bats (D:1)
  2 kobolds (D:1)
  5 rats (D:1)
29 creatures vanquished.

Notes
Turn   | Place    | Note
-------+----------+-------------------------------------------
     0 | D:1      | mortz the Gargoyle Monk began the quest for the Orb.
     0 | D:1      | Reached XP level 1. HP: 14/14 MP: 1/1
   249 | D:1      | Reached XP level 2. HP: 19/19 MP: 2/2
   269 | D:1      | Found Xemopn's Assorted Antiques.
   801 | D:1      | Reached XP level 3. HP: 23/23 MP: 3/3
  1536 | D:1      | Slain by a gnoll

Illustrated notes

Levels and vault maps discovered:
D:1:      dpeg_arrival_rooms_c, layout_loops_ring, serial_shops, shop_fountains,
          serial_rivers, chequers_serial_rivers_small_b,
          chequers_serial_rivers_small_b, chequers_serial_rivers_room_a,
          chequers_serial_rivers_micro_d, chequers_serial_rivers_marsh
D:2:      layout_loops_cross, uniq_terence, uniq_jessica

Skill      XL: |  1  2 |
---------------+-------+-----
Long Blades    | 3 |  3.2
Fighting       | |  3.5
Armour         | |  0.1
Dodging        | |  2.6
Stealth        | |  2.7
Invocations    | |  0.6

Action                   || total
-------------------------++-------
Melee: Falchion          ||   112
       Punch             ||     1
  Use: Scroll            ||     5
 Stab: Sleeping          ||     2
Armor: Robe              ||    28
       Ring mail         ||    11
       Chain mail        ||    19
Dodge: Dodged            ||    86
